 Dungeon Crawl Stone Soup version 0.20.1-1-g8b1a95d (webtiles) character file.

481 renl the Shield-Bearer (level 7, -5/54 HPs)
             Began as a Formicid Fighter on July 23, 2017.
             Was an Initiate of Qazlal.
             Slain by an ogre
             ... wielding a +0 giant club
              (27 damage)
             ... on level 4 of the Dungeon.
             The game lasted 00:09:13 (3139 turns).

renl the Shield-Bearer (Formicid Fighter)           Turns: 3139, Time: 00:09:13

Health: -5/54      AC: 12    Str: 22    XL:     7   Next: 34%
Magic:  7/7        EV:  5    Int:  8    God:    Qazlal [......]
Gold:   211        SH: 10    Dex: 10    Spells: 6/6 levels left

rFire    . . .     SeeInvis +   a - +0 long sword
rCold    + . .     Gourm    .   c - +0 shield
rNeg     . . .     Faith    .   e - +0 plate armour
rPois    .         Spirit   .   (helmet unavailable)
rElec    .         Reflect  .   (no cloak)
rCorr    .         Harm     .   (no gloves)
MR       +....                  (no boots)
Stlth    ..........             (no amulet)
Regen    0.2/turn               m - ring of protection from cold
MPRegen  0.1/turn               u - ring of protection from magic

@: no status effects
A: permanent stasis, dig shafts and tunnels, four strong arms, antennae 3
a: Dig, Shaft Self, Renounce Religion


You were on level 4 of the Dungeon.
You worshipped Qazlal.
Qazlal was noncommittal.
You were not hungry.

You visited 2 branches of the dungeon, and saw 5 of its levels.

You collected 211 gold pieces.

Inventory:

Hand Weapons
 a - a +0 long sword (weapon)
Missiles
 s - 10 tomahawks (quivered)
Armour
 c - a +0 shield (worn)
 e - a +0 plate armour (worn)
Jewellery
 m - a ring of protection from cold (left hand)
 u - a ring of protection from magic (right hand)
Wands
 l - a wand of flame (31/48)
Scrolls
 b - a scroll of amnesia {unknown}
 g - 4 scrolls of teleportation {unknown}
 h - 3 scrolls of identify {unknown}
 p - a scroll of enchant weapon {unknown}
 r - a scroll of remove curse {unknown}
Potions
 d - 2 potions of might
 j - 4 potions of curing {unknown}
 k - 2 potions of magic {unknown}
 n - 2 potions of flight {unknown}
 o - a potion of invisibility {unknown}
 q - a potion of brilliance {unknown}
 w - 2 potions of haste {unknown}
Comestibles
 f - 3 bread rations
 i - 2 royal jellies
 t - a meat ration
 v - 2 chunks of flesh


   Skills:
 + Level 4.2 Fighting
 + Level 4.3 Long Blades
 * Level 5.5 Armour
 + Level 5.6 Shields


You had 6 spell levels left.
You didn't know any spells.

Dungeon Overview and Level Annotations

Branches:
Dungeon (4/15)             Temple (1/1) D:4

Altars:
Ashenzari
Cheibriados
Dithmenos
Fedhas
Gozag
Hepliaklqana
Kikubaaqudgha
Makhleb
Nemelex Xobeh
Qazlal
Sif Muna
Trog
Uskayaw
Vehumet
Xom
Yredelemnul


Innate Abilities, Weirdness & Mutations

You cannot be hasted, slowed, berserked, paralysed or teleported.
You can dig through walls and to a lower floor.
Your four strong arms can wield two-handed weapons with a shield.
You have a pair of large antennae on your head. (SInv)


Message History

The ogre is lightly wounded.
The ogre hits you with a giant club!!
You are too injured to fight recklessly!
You are too injured to fight recklessly!
You are too injured to fight recklessly!
You are too injured to fight recklessly!
You are too injured to fight recklessly!
You are too injured to fight recklessly!
You are too injured to fight recklessly!
You are too injured to fight recklessly!
You are too injured to fight recklessly!
You are too injured to fight recklessly!
You slash the ogre!
The ogre is heavily wounded.
The ogre closely misses you.
You hit the ogre.
The ogre is heavily wounded.
The ogre hits you with a giant club!!
Ouch! That really hurt!
You die...

###########...
#.............
#.....)......
#..........###
#.............
#..........#
#.....O....# #@#
#.# ### #.# #..
#.# #.. #.# ..
#.. #.# ... #.
## #.# #..##. #.
########### #.#
#..#. #.
#.........####.#
#...## #.


You could see an ogre.

Vanquished Creatures
  A phantom (D:4)
  2 scorpions (D:4)
  A howler monkey (D:4)
  An orc wizard (D:4)
  An orc priest (D:4)
  3 worker ants (D:4)
  A hound skeleton (D:4)
  5 adders
  3 worms
  4 dart slugs
  A leopard gecko (D:2)
  3 orcs (D:4)
  A ball python (D:1)
  3 giant cockroaches
  8 hobgoblins
  8 kobolds
  3 quokkas
  4 bats
  A frilled lizard (D:3)
  A goblin (D:1)
  10 rats
65 creatures vanquished.

Notes
Turn   | Place    | Note
-------+----------+-------------------------------------------
     0 | D:1      | renl the Formicid Fighter began the quest for the Orb.
     0 | D:1      | Reached XP level 1. HP: 18/18 MP: 1/1
   138 | D:1      | Reached XP level 2. HP: 21/24 MP: 2/2
   314 | D:1      | Reached XP level 3. HP: 27/29 MP: 3/3
   961 | D:2      | Reached XP level 4. HP: 34/35 MP: 4/4
   981 | D:2      | Found a snail-covered altar of Cheibriados.
  1915 | D:4      | Noticed a phantom
  1949 | D:4      | Reached XP level 5. HP: 15/41 MP: 5/5
  1968 | D:4      | Found a hazy altar of Hepliaklqana.
  1996 | D:4      | Killed a phantom
  1996 | D:4      | Reached skill level 5 in Shields
  1996 | D:4      | Reached XP level 6. HP: 9/48 MP: 6/6
  2244 | D:4      | Found a radiant altar of Vehumet.
  2250 | D:4      | Reached skill level 5 in Armour
  2386 | D:4      | HP: 2/48 [poisoned by a worker ant]
  2628 | D:4      | Found a staircase to the Ecumenical Temple.
  2637 | Temple   | Entered the Ecumenical Temple
  2765 | Temple   | Became a worshipper of Qazlal Stormbringer
  2787 | D:4      | Reached XP level 7. HP: 54/54 MP: 7/7
  2815 | D:4      | Found a sparkling altar of Nemelex Xobeh.
  2857 | D:4      | Found an opulent altar of Gozag.
  3109 | D:4      | Found a hide-covered altar of Uskayaw.
  3139 | D:4      | Slain by an ogre

Skill      XL: |  1  2  3  4  5  6 |
---------------+-------------------+-----
Shields        | 4 5 |  5.6
Armour         | 4 5 |  5.5
Long Blades    | 3 4 |  4.3
Fighting       | 4 |  4.2

Action                   |  1- 3 |  4- 6 |  7- 9 || total
-------------------------+-------+-------+-------++-------
Melee: Long sword        |   125 |   161 |    47 ||   333
 Abil: Dig               |       |     1 |     1 ||     2
  Eat: Chunk             |       |     5 |     3 ||     8
Armor: Plate armour      |    70 |   106 |    29 ||   205
Dodge: Dodged            |    22 |    29 |     5 ||    56
Block: Shield            |    69 |   102 |    24 ||   195
       Rpst.: Long sword |     5 |    10 |     1 ||    16
